 Dungeon Crawl Stone Soup version 0.15.2 (webtiles) character file.

6 glosham the Chucker (level 1, -1/20 HPs)
             Began as an Ogre Arcane Marksman on Apr 8, 2017.
             Slain by a goblin (4 damage)
             ... on Level 1 of the Dungeon.
             The game lasted 00:02:50 (164 turns).

glosham the Chucker (Ogre Arcane Marksman)           Turns: 164, Time: 00:02:50

HP  -1/20        AC  3     Str 15      XL: 1   Next: 90%
MP   1/2         EV 10     Int 12      God:
Gold 23          SH  0     Dex  9      Spells:  1 memorised,  1 level left

rFire  . . .     SeeInvis .     a - +0 club
rCold  . . .     Clarity  .     e - +0 robe
rNeg   . . .     rCorr    .     (shield restricted)
rPois  .         rRot     .     (helmet restricted)
rElec  .         Spirit   .     (no cloak)
SustAb .         Warding  .     (gloves unavailable)
rMut   .         Stasis   .     (boots unavailable)
Gourm  .                        (no amulet)
MR     .....                    (no ring)
                                (no ring)

@: not resistant to hostile enchantments, very unstealthy
A: unfitting armour, tough skin 1
a: no special abilities


You were on level 1 of the Dungeon.
You were not hungry.

You visited 1 branch of the dungeon, and saw 1 of its levels.

You collected 23 gold pieces.

Inventory:

Hand weapons
 a - a +0 club (weapon)
Missiles
 b - 4 large rocks (quivered)
 c - a stone
 h - 2 throwing nets
Armour
 e - a +0 robe (worn)
Comestibles
 f - a meat ration
Scrolls
 g - a scroll of identify {unknown}
Books
 d - a book of Debilitation

   Spells                             Type                      Level
   *Corona                            Hexes                        1
   Slow                               Hexes                        2
   Inner Flame                        Hexes/Fire                   3
   Enslavement                        Hexes                        4
   Cause Fear                         Hexes                        4
   Leda's Liquefaction                Hexes/Earth                  4


   Skills:
 - Level 1.7 Fighting
 * Level 1.6 Maces & Flails
 - Level 2.1 Throwing
 - Level 1.7 Dodging
 - Level 1.2 Spellcasting
 - Level 2.1 Hexes


You had one spell level left.
You knew the following spells:

 Your Spells              Type           Power        Failure   Level  Hunger
c - Corona                Hex            #......      14%         1    ##.....


Dungeon Overview and Level Annotations

Branches:
Dungeon (1/15)

Altars:


Innate Abilities, Weirdness & Mutations

You are too large for most types of armour.
You have tough skin (AC +1).


Message History

You kill the kobold!
You see here a stone.
c - a stone
h - a throwing net;
h - 2 throwing nets (gained 1)
Things that are here:
a dagger; a kobold corpse A hobgoblin comes into view.
It is wielding a club.
Casting: Corona
Confirm with . or Enter, or press ? or * to list all spells.
Aiming: Corona
Press: ? - help, Shift-Dir - straight line, f - hobgoblin
Aim: a hobgoblin, wielding a club The hobgoblin is outlined in light.
You hit the hobgoblin.
The hobgoblin is heavily wounded.
The hobgoblin hits you with a club.
* * * LOW HITPOINT WARNING * * *
You aren't carrying any items that can be evoked.
Unknown command.
Fire/throw which item? (* to show all) (? for menu, Esc to quit)
Press: ? - help, Shift-Dir - straight line, f/p - hobgoblin
Aim: a hobgoblin, wielding a club (heavily wounded, softly glowing)
You throw a throwing net. The throwing net hits the hobgoblin.
The hobgoblin is caught in the net!
The hobgoblin is heavily wounded.
The hobgoblin struggles against the net.
You hit the hobgoblin.
You kill the hobgoblin!
h - 2 throwing nets (gained 1)
You see here a club.
Found 5 gold pieces.
A goblin comes into view.
The goblin shouts!
Casting: Corona
Confirm with . or Enter, or press ? or * to list all spells.
Aiming: Corona
Press: ? - help, Shift-Dir - straight line, f - goblin
Aim: a goblin The goblin is outlined in light.
The goblin hits you.
You die...

♣♣♣♣♣♣♣♣♣♣♣♣♣♣♣♣♣♣♣
.....♣♣...♣♣.♣♣...♣
...♣....♣...♣..♣♣.♣
...♣...♣..♣..♣.♣..♣
.......♣♣..♣..♣♣@♣♣
♣♣..♣......♣..♣.♣g..♣
.♣...♣♣..♣.♣.♣.. ♣♣.♣
...♣..♣...♣..♣.♣$ .♣
....♣♣......♣♣.♣ ♣
........♣♣..♣.♣♣
..♣♣..♣..♣.%.♣.♣♣♣♣♣♣
...♣...♣...♣..♣...♣.♣
.....♣......♣♣.♣♣♣.♣♣♣♣♣


You could see a goblin.

Vanquished Creatures
  A giant cockroach (D:1)
  2 hobgoblins (D:1)
  A kobold (D:1)
  A rat (D:1)
5 creatures vanquished.

Notes
Turn   | Place    | Note
--------------------------------------------------------------
     0 | D:1      | glosham, the Ogre Arcane Marksman, began the quest for the Orb.
     0 | D:1      | Reached XP level 1. HP: 19/19 MP: 2/2
    64 | D:1      | Reached skill level 1 in Maces & Flails
   133 | D:1      | HP: 1/20 [hobgoblin/club (5)]
   164 | D:1      | Slain by a goblin

Action                   || total
-------------------------++-------
Melee: Club              ||    16
       Unarmed           ||     5
Throw: Throwing net      ||     3
 Cast: Corona            ||     7
 Stab: Held in net/web   ||     1

Table legend:
 A = Turns spent in this place as a percentage of turns spent in the entire game.
 B = Non-inter-level travel turns spent in this place as a percentage of non-inter-level travel turns spent in the entire game.
 C = Inter-level travel turns spent in this place as a percentage of turns spent in this place.
 D = Turns resting spent in this place as a percentage of non-inter-level travel turns spent in this place.
 E = Turns spent auto-exploring this place as a percentage of non-inter-level travel turns spent in this place.
 F = Non-inter-level travel turns spent in this place divided by the number of levels of this place that you've seen.
                   A       B       C       D       E      F
               +-------+-------+-------+-------+-------+----------------------
         Total | 100.0 | 100.0 |   0.0 |   1.2 |   0.0 | 160.0
       Dungeon | 100.0 | 100.0 |   0.0 |   1.2 |   0.0 | 160.0
               +-------+-------+-------+-------+-------+----------------------

Table legend:
 A = Kills in this place as a percentage of kills in entire the game.
 B = Kills by you in this place as a percentage of kills by you in the entire game.
 C = Kills by friends in this place as a percentage of kills by friends in the entire game.
 D = Other kills in this place as a percentage of other kills in the entire game.
 E = Experience gained in this place as a percentage of experience gained in the entire game.
 F = Experience gained in this place divided by the number of levels of this place that you have seen.
                   A       B       C       D       E      F
               +-------+-------+-------+-------+-------+----------------------
         Total | 100.0 | 100.0 |  -nan |  -nan | 100.0 |   9.0
       Dungeon | 100.0 | 100.0 |  -nan |  -nan | 100.0 |   9.0
               +-------+-------+-------+-------+-------+----------------------

Vault maps used:
D:1:      erik_arrival_cave_to_civilisation
